Map: Dead of Night

Players

wasp

  • Race: Protoss Protoss
  • Spawn Location: 0:00

larsgj

  • Race: Zerg Zerg

VOD

Have the link to the VOD?

Description

Time

  • Played on: Dec. 23, 2022, 5:58 p.m.
  • Length: 59:46
Show
View Real Time Build Order
Export as new Build Order

wasp Protoss 

Build Orders:  

Get SALT Encoding   

  12  0:26  Pylon  
  12  0:34  Pylon  
  12  0:39  Probe (Chrono Boost)  
  13  0:52  Probe (Chrono Boost)  
  14  1:30  Forge  
  14  1:34  Probe (Chrono Boost)  
  15  1:48  Probe (Chrono Boost)  
  16  2:02  Probe (Chrono Boost)  
  17  2:16  Probe (Chrono Boost)  
  18  2:30  Probe (Chrono Boost)  
  19  2:44  Probe (Chrono Boost)  
  20  3:04  Pylon  
  20  3:07  Pylon  
  20  3:33  Photon Cannon  
  20  3:38  Photon Cannon  
  20  3:42  Photon Cannon  
  20  3:48  Photon Cannon  
  20  3:55  Photon Cannon  
  20  4:05  Photon Cannon x2  
  20  4:10  Photon Cannon x2  
  20  4:12  Photon Cannon  
  20  4:26  Photon Cannon  
  20  4:43  Photon Cannon  
  20  4:45  Photon Cannon  
  20  5:09  Photon Cannon  
  20  5:18  Photon Cannon  
  20  5:20  Photon Cannon  
  20  5:33  Photon Cannon  
  20  6:34  Photon Cannon  
  20  6:41  Photon Cannon x2  
  20  6:55  Photon Cannon  
  20  6:56  Photon Cannon  
  20  6:59  Photon Cannon  
  20  7:01  Photon Cannon  
  20  7:04  Photon Cannon  
  20  7:10  Photon Cannon  
  20  7:30  Photon Cannon  
  20  7:42  Photon Cannon  
  20  8:03  Photon Cannon  
  20  8:26  Pylon  
  17  15:50  Probe (Chrono Boost)  
  18  16:04  Probe (Chrono Boost)  
  19  16:18  Probe (Chrono Boost)  
  20  16:23  Pylon  
  20  16:32  Probe (Chrono Boost)  
  21  16:41  Forge  
  21  16:46  Probe (Chrono Boost)  
  22  18:06  Photon Cannon  
  22  18:09  Photon Cannon  
  22  18:13  Photon Cannon  
  22  18:15  Photon Cannon  
  22  18:17  Photon Cannon  
  22  18:19  Photon Cannon  
  22  18:21  Photon Cannon  
  22  18:23  Photon Cannon  
  22  18:25  Photon Cannon  
  22  18:27  Photon Cannon  
  22  18:31  Photon Cannon  
  22  18:36  Photon Cannon  
  22  18:40  Photon Cannon  
  22  18:51  Pylon  
  22  19:05  Photon Cannon  
  22  19:25  Photon Cannon  
  22  25:18  Pylon  
  22  25:25  Photon Cannon  
  22  25:29  Photon Cannon  
  22  25:36  Photon Cannon  
  22  25:39  Photon Cannon  
  22  26:27  Photon Cannon  
  22  26:28  Photon Cannon  
  22  26:35  Photon Cannon  
  22  26:39  Photon Cannon  
  22  26:44  Photon Cannon  
  22  26:46  Photon Cannon  
  22  26:54  Photon Cannon  
  22  26:56  Photon Cannon  
  22  27:06  Photon Cannon  
  22  27:07  Photon Cannon  
  22  27:13  Photon Cannon  
  22  27:15  Photon Cannon  
  22  27:18  Photon Cannon  
  22  27:23  Photon Cannon  
  22  34:00  Pylon  
  22  34:09  Pylon  
  22  34:20  Pylon  
  22  34:33  Photon Cannon x2  
  22  34:35  Photon Cannon  
  22  34:36  Photon Cannon  
  22  34:40  Photon Cannon  
  22  34:46  Photon Cannon  
  22  34:47  Photon Cannon  
  22  35:02  Photon Cannon  
  22  35:16  Photon Cannon x2  
  22  35:17  Photon Cannon  
  22  35:19  Photon Cannon  
  22  35:20  Photon Cannon  
  22  35:46  Photon Cannon  
  22  35:48  Photon Cannon  
  22  35:50  Photon Cannon  
  22  35:51  Photon Cannon  
  22  35:53  Photon Cannon  
  22  35:55  Photon Cannon  
  22  35:56  Photon Cannon  
  22  35:59  Photon Cannon  
  22  36:01  Photon Cannon  
  22  36:03  Photon Cannon  
  22  36:07  Photon Cannon  
  22  36:09  Photon Cannon  
  22  36:11  Photon Cannon  
  22  36:12  Photon Cannon  
  22  36:14  Photon Cannon  
  22  36:16  Photon Cannon  
  22  36:18  Photon Cannon  
  22  36:19  Photon Cannon  
  22  36:23  Photon Cannon x2  
  22  36:46  Photon Cannon  
  22  36:49  Photon Cannon x2  
  22  36:53  Photon Cannon x2  
  22  36:55  Photon Cannon  
  22  36:57  Photon Cannon  
  22  37:13  Photon Cannon  
  22  37:19  Photon Cannon  
  22  37:20  Photon Cannon  
  22  37:24  Photon Cannon  
  22  37:40  Pylon  
  22  37:45  Pylon  
  22  37:49  Pylon  
  22  38:06  Pylon  
  22  38:22  Pylon  
  22  38:26  Pylon  
  22  38:56  Photon Cannon  
  22  39:04  Photon Cannon  
  22  39:06  Photon Cannon  
  22  39:08  Photon Cannon  
  22  39:11  Photon Cannon x2  
  22  39:14  Photon Cannon  
  22  39:18  Photon Cannon  
  22  39:20  Photon Cannon  
  22  39:22  Photon Cannon  
  22  39:24  Photon Cannon  
  22  39:26  Photon Cannon  
  22  39:28  Photon Cannon x2  
  22  39:31  Photon Cannon  
  22  39:34  Photon Cannon  
  22  39:36  Photon Cannon  
  22  39:39  Photon Cannon  
  22  39:41  Photon Cannon  
  22  39:44  Photon Cannon  
  22  39:46  Photon Cannon x2  
  22  40:08  Photon Cannon  
  22  40:11  Photon Cannon  
  22  40:27  Photon Cannon  
  22  40:30  Photon Cannon  
  22  40:41  Photon Cannon  
  22  40:56  Photon Cannon  
  22  40:57  Photon Cannon  
  22  40:59  Photon Cannon  
  22  41:20  Photon Cannon  
  22  41:22  Photon Cannon  
  22  41:29  Photon Cannon  
  22  41:30  Photon Cannon  
  22  41:58  Pylon  
  22  42:36  Photon Cannon  
  22  42:43  Photon Cannon  
  22  42:45  Photon Cannon  
  22  42:52  Photon Cannon  
  22  42:53  Photon Cannon  
  22  42:54  Photon Cannon  
  22  42:56  Photon Cannon  
  22  43:19  Photon Cannon x2  
  22  43:22  Photon Cannon  
  22  43:24  Photon Cannon  
  22  43:27  Photon Cannon  
  22  43:28  Photon Cannon  
  22  43:32  Photon Cannon  
  22  43:35  Photon Cannon  
  22  43:37  Photon Cannon x2  
  22  43:39  Photon Cannon  
  22  43:41  Photon Cannon  
  22  43:43  Photon Cannon  
  22  43:45  Photon Cannon  
  22  43:53  Photon Cannon x2  
  22  43:56  Photon Cannon x2  
  22  43:57  Photon Cannon  
  22  44:01  Photon Cannon  
  22  44:03  Photon Cannon  
  22  44:04  Photon Cannon  
  22  44:08  Photon Cannon  
  22  44:10  Photon Cannon  
  22  44:11  Photon Cannon  
  22  44:12  Photon Cannon  
  22  44:13  Photon Cannon  
  22  44:14  Photon Cannon  
  22  44:16  Photon Cannon  
  22  44:17  Photon Cannon  
  22  44:20  Photon Cannon  
  22  44:22  Photon Cannon  
  22  44:24  Photon Cannon  
  22  44:25  Photon Cannon x2  
  22  44:28  Photon Cannon  
  22  44:30  Photon Cannon  
  22  44:34  Photon Cannon  
  22  44:36  Photon Cannon  
  22  44:43  Photon Cannon  
  22  44:44  Photon Cannon  
  22  44:46  Photon Cannon  
  22  44:52  Photon Cannon  
  22  45:10  Photon Cannon  
  22  45:12  Photon Cannon  
  22  45:13  Photon Cannon  
  22  45:16  Photon Cannon  
  22  45:33  Photon Cannon  
  22  45:35  Photon Cannon  
  22  45:37  Photon Cannon  
  22  45:41  Photon Cannon  
  22  45:42  Photon Cannon  
  22  45:46  Photon Cannon  
  22  45:49  Photon Cannon  
  22  45:50  Photon Cannon  
  22  45:53  Photon Cannon  
  22  45:55  Photon Cannon  
  22  46:00  Photon Cannon x2  
  22  46:04  Photon Cannon  
  22  46:09  Photon Cannon  
  22  46:11  Photon Cannon  
  22  46:13  Photon Cannon x2  
  22  46:14  Photon Cannon  
  22  46:17  Photon Cannon  
  22  46:18  Photon Cannon  
  22  46:19  Photon Cannon  
  22  46:22  Photon Cannon  
  22  46:25  Photon Cannon  
  22  46:49  Pylon  
  22  47:11  Pylon  
  22  47:19  Photon Cannon  
  22  47:20  Photon Cannon  
  22  47:23  Photon Cannon  
  22  47:25  Photon Cannon  
  22  47:28  Photon Cannon  
  22  47:30  Photon Cannon  
  22  47:32  Photon Cannon  
  22  47:41  Photon Cannon  
  22  47:44  Photon Cannon  
  22  47:46  Photon Cannon  
  22  47:48  Photon Cannon  
  22  47:50  Photon Cannon  
  22  47:52  Photon Cannon  
  22  51:18  Photon Cannon  
  22  51:19  Photon Cannon  
  22  51:21  Photon Cannon  
  22  51:25  Photon Cannon  
  22  51:27  Photon Cannon  
  22  51:30  Photon Cannon  
  22  51:34  Photon Cannon  
  22  51:37  Photon Cannon  
  22  51:43  Photon Cannon  
  22  51:44  Photon Cannon  
Show
View Real Time Build Order
Export as new Build Order

larsgj Zerg 

Build Orders:  

Get SALT Encoding   

  12  0:05  Infested SCV  
  13  0:12  Infested SCV  
  14  0:25  Overlord  
  14  0:42  Overlord  
  14  0:45  Infested SCV  
  15  1:15  Infested SCV x2  
  17  1:29  Infested Barracks  
  17  1:43  Infested Engineering Bay  
  17  1:45  Infested SCV x2  
  19  2:23  Infested Refinery  
  19  2:31  Infestation Level 1  
  19  2:45  Infested SCV  
  19  2:48  Infested SCV x2  
  19  2:49  Infested SCV  
  23  2:58  Overlord  
  23  3:03  Infested Marine  
  23  3:05  Infested Marine  
  23  3:06  Infested Marine x4  
  23  3:07  Infested Marine x2  
  31  3:46  Infested Refinery  
  31  3:49  Infested SCV x3  
  34  3:50  Infested Refinery  
  34  4:17  Infested Marine  
  34  4:18  Infested Marine x2  
  34  4:19  Infested Marine x2  
  39  4:42  Overlord x3  
  31  4:56  Stukov Infantry Weapons Level 1  
  31  5:06  Infestation Level 2  
  26  6:10  Infested Marine x4  
  26  6:11  Infested Marine x6  
  36  6:51  Infested Marine x3  
  36  6:52  Infested Marine x5  
  36  6:56  Overlord x4  
  36  6:57  Overlord  
  44  7:36  Stukov Infantry Armor Level 1  
  44  7:58  Infested Missile Turret  
  42  8:10  Infested SCV  
  42  8:11  Infested SCV x3  
  46  8:25  Infested Bunker  
  46  8:26  Infested Bunker  
  42  9:16  Infested Bunker  
  42  9:58  Infested SCV  
  42  9:59  Infested SCV x4  
  47  10:05  Infested Marine  
  47  10:06  Infested Marine x9  
  61  10:22  Infested Bunker  
  65  11:12  Infested Bunker  
  55  12:19  Overlord x3  
  55  12:20  Overlord x2  
  55  13:06  Infested Missile Turret  
  55  13:15  Unknown  
  59  13:33  Infested Bunker  
  59  13:48  Infested Bunker  
  79  14:06  Infested Marine  
  79  14:07  Infested Marine x9  
  89  14:21  Infested Barracks, Infested Barracks Tech Lab  
  89  14:38  Infested Bunker  
  89  15:17  Infested Marine x5  
  89  15:18  Infested Marine x5  
  99  15:27  Infested Bunker  
  93  16:12  Infested Bunker  
  97  16:39  Infested Missile Turret  
  87  17:01  Infested Bunker  
  87  17:06  Infested Missile Turret  
  87  17:12  Infested Marine  
  87  17:13  Infested Marine x6  
  87  17:14  Infested Marine x3  
  97  17:34  Infested Missile Turret  
  97  17:49  Infested Bunker  
  97  18:02  Infested Missile Turret  
  96  18:19  Infested Factory  
  96  18:38  Infested Bunker  
  96  18:55  Infested Marine x4  
  96  18:56  Infested Marine x5  
  96  18:57  Infested Marine  
  97  19:51  Stukov Infantry Weapons Level 2  
  97  19:53  Infested Marine  
  97  19:54  Infested Marine x5  
  97  19:55  Infested Marine x4  
  107  20:05  Infested Factory Tech Lab  
  97  20:45  Automated Mitosis  
  97  20:53  Infested Siege Tank  
  97  20:54  Infested Siege Tank  
  97  20:55  Infested Siege Tank x3  
  112  21:17  Overseer  
  102  21:50  Infested Marine x3  
  102  21:51  Infested Marine x7  
  115  22:31  Infested Bunker  
  134  23:00  Stukov Infantry Armor Level 2  
  134  23:05  Infested Marine  
  134  23:06  Infested Marine x9  
  142  23:19  Infested Bunker  
  123  24:09  Infested Bunker  
  118  24:58  Infested Bunker  
  110  25:21  Infested Marine x7  
  110  25:22  Infested Marine x3  
  117  25:38  Infested Siege Tank x5  
  132  25:40  Infested Marine x2  
  132  25:41  Infested Marine x2  
  132  25:47  Infested Bunker  
  135  26:39  Infested Bunker  
  114  28:06  Infested Bunker  
  120  28:25  Infested Marine  
  120  28:26  Infested Marine x9  
  130  28:30  Infested SCV x5  
  143  28:54  Infested Bunker  
  143  28:55  Infested Bunker  
  139  29:09  Infested Bunker  
  143  29:14  Overlord  
  143  29:15  Overlord  
  143  29:16  Infested Bunker  
  131  30:28  Infested Bunker  
  139  30:41  Infested Marine  
  139  30:42  Infested Marine x9  
  149  31:13  Infested Missile Turret  
  149  31:16  Infested Bunker  
  148  31:42  Infested Missile Turret  
  148  31:50  Infested Marine  
  148  31:51  Infested Marine x9  
  158  32:04  Infested Bunker  
  158  32:09  Infested Missile Turret  
  151  32:29  Infested Marine  
  148  32:30  Infested Marine x6  
  148  32:37  Infested Missile Turret  
  151  32:54  Infested Bunker  
  151  32:56  Infested Marine  
  151  32:57  Infested Marine x5  
  152  33:02  Infested SCV x2  
  152  33:03  Infested SCV x3  
  156  33:19  Infested Barracks  
  156  33:24  Infested Siege Tank  
  159  33:31  Overlord  
  159  33:44  Infested Bunker  
  152  34:32  Infested Bunker  
  146  34:48  Infested Marine x9  
  146  34:49  Infested Marine x8  
  163  34:53  Infested Siege Tank  
  163  34:58  Overlord x4  
  163  34:59  Overlord  
  166  35:22  Infested Marine  
  166  35:23  Infested Marine x5  
  166  35:25  Infested Marine  
  166  35:26  Infested Marine x2  
  158  36:55  Infested Marine x10  
  158  36:56  Infested Marine x10  
  165  37:31  Infested Marine  
  165  37:32  Infested Marine x13  
  170  37:43  Infested Barracks Tech Lab  
  136  38:53  Infested Bunker  
  143  39:08  Infested Marine  
  143  39:09  Infested Marine x13  
  149  39:44  Infested Bunker  
  149  39:45  Infested Armory  
  149  39:53  Infested Marine  
  149  39:54  Infested Marine x11  
  149  39:55  Infested Marine x7  
  168  40:32  Infested Bunker  
  156  40:51  Infested Marine x8  
  156  40:52  Infested Marine x12  
  174  41:22  Infested Bunker  
  174  41:36  Infested Marine  
  174  41:37  Infested Marine x15  
  174  41:38  Infested Marine x2  
  173  42:04  Infested Marine x3  
  173  42:05  Infested Marine x7  
  159  42:51  Infested Marine  
  159  42:52  Infested Marine x19  
  170  43:01  Stukov Infantry Weapons Level 3  
  170  43:06  Retinal Augmentation  
  137  44:02  Infested Marine  
  137  44:03  Infested Marine x15  
  137  44:04  Infested Marine x4  
  155  44:49  Infested Marine  
  156  44:50  Infested Marine x14  
  156  44:51  Infested Marine x3  
  162  45:37  Infested Siege Tank  
  162  45:38  Infested Siege Tank x4  
  159  45:49  Infested Marine  
  137  45:50  Infested Marine x19  
  147  46:13  Infested Marine  
  130  46:41  Stukov Infantry Armor Level 3  
  130  46:44  Infested Marine  
  130  46:45  Infested Marine x19  
  149  47:04  Infested Marine  
  149  47:05  Infested Marine x7  
  144  47:51  Infested Marine x6  
  144  47:52  Infested Marine x12  
  139  48:32  Infested Marine x6  
  139  48:33  Infested Marine x10  
  114  50:37  Infested Marine  
  114  50:38  Infested Marine x19  
  114  52:16  Infested Marine  
  114  52:17  Infested Marine x19  
  134  52:49  Infested Marine  
  135  52:50  Infested Marine x11  
  114  54:17  Infested Marine  
  114  54:18  Infested Marine x17  
  114  54:19  Infested Marine x2  
  102  55:47  Infested Marine  
  102  55:48  Infested Marine x15  
  102  55:49  Infested Marine x4  
  94  56:13  Infested Marine  
  94  56:14  Infested Marine x4  
  94  56:15  Infested Marine x3  
  94  56:16  Infested Marine x2  
  94  56:17  Infested Marine  
  102  56:32  Infested Marine  
  102  56:33  Infested Marine x5  
  100  56:47  Infested Marine  
  100  56:48  Infested Marine x6  
  91  57:10  Infested Marine  
  91  57:11  Infested Marine x7  
  88  58:29  Infested Marine x11  
  93  58:30  Infested Marine x8  
  93  58:31  Infested Marine  
  102  58:59  Infested Marine x2  
  96  59:00  Infested Marine x10  
Tags
 
Commander
AlarakStukov
Matchup
Co-op
Replay Pack
Multiplayer
Add a new tag
Caveats
  • Supply blocks, unpowered buildings, or Contaminate may cause inaccurate times.
  • Supply counts are checked every 10 seconds.